 Dungeon Crawl Stone Soup version 0.30.1-3-gfc49f6343a (webtiles) character file.

Game seed: 15806066285057366136

8712 Gorgoleon the Earth Mage (level 11, 0/54 HPs)
             Began as a Gargoyle Earth Elementalist on July 18, 2023.
             Was a Follower of Vehumet.
             Slain by an unseen horror (7 damage)
             ... on level 11 of the Dungeon.
             The game lasted 00:36:07 (11478 turns).

Gorgoleon the Earth Mage (GrEE)                    Turns: 11478, Time: 00:36:07

Health: 0/54       AC: 13    Str: 13    XL:     11   Next: 35%
Magic:  20/23      EV: 11    Int: 19    God:    Vehumet [*.....]
Gold:   645        SH:  6    Dex: 10    Spells: 7/14 levels left

rFire   . . .        n - staff of earth
rCold   . . .        J - +2 buckler
rNeg    + . .        a - +1 robe
rPois   ∞            (no helmet)
rElec   +            (no cloak)
rCorr   .            D - +0 pair of gloves
SInv    .            l - +0 pair of boots
Will    +....        (no amulet)
Stlth   ++           A - ring of magical power
HPRegen 0.29/turn    C - ring of willpower
MPRegen 0.18/turn

%: no passive effects
@: about to teleport, slowed, very slow
A: sickness immunity, AC +8, negative energy resistance 1, electricity
resistance, torment resistance 1, petrification resistance
a: Renounce Religion


You were on level 11 of the Dungeon.
You worshipped Vehumet.
Vehumet was aware of your devotion.
You visited 2 branches of the dungeon, and saw 12 of its levels.

You collected 645 gold pieces.

Inventory:

Hand Weapons
 M - a +2 whip of flaming
Missiles
 c - 93 stones
 Q - a throwing net
Armour
 a - a +1 robe (worn)
 l - a +0 pair of boots (worn)
 y - a +0 troll leather armour
 D - a +0 pair of gloves (worn)
 J - a +2 buckler (worn)
Magical Staves
 n - a staff of earth (weapon)
Jewellery
 g - a +6 ring of dexterity
 i - an amulet of the acrobat
 q - a ring of protection from cold
 u - a ring of flight
 A - a ring of magical power (left hand)
 C - a ring of willpower (right hand)
 E - a ring of magical power
Wands
 d - a wand of polymorph (11)
 p - a wand of acid (2)
 F - a wand of flame (38)
 K - a wand of iceblast (4)
 O - a wand of charming (4)
Scrolls
 e - a scroll of enchant weapon
 j - a scroll of fog
 r - 4 scrolls of poison
 t - a scroll of brand weapon
 v - 6 scrolls of teleportation
 G - 2 scrolls of vulnerability
 H - 2 scrolls of identify
 L - a scroll of magic mapping
 P - a scroll of fear
Potions
 b - 2 potions of magic
 f - 3 potions of brilliance
 h - 2 potions of invisibility
 k - a potion of lignification
 m - 3 potions of cancellation
 o - a potion of mutation
 s - 2 potions of might
 w - a potion of degeneration
 x - 2 potions of berserk rage
 z - 4 potions of curing
 B - a potion of ambrosia
 I - a potion of haste
 N - a potion of flight


   Skills:
 - Level 2.0 Dodging
 - Level 2.1 Stealth
 * Level 3.5 Shields
 - Level 2.0 Spellcasting
 * Level 8.0 Conjurations
 - Level 0.7 Transmutations
 + Level 18.0 Earth Magic


You had 7 spell levels left.
You knew the following spells:

 Your Spells              Type           Power      Damage    Failure   Level
a - Sandblast             Erth           100%       2d20      0%          1
b - Stone Arrow           Conj/Erth      100%       3d13      1%          3
c - Searing Ray           Conj           64%        2d6       1%          2
d - Freeze                Ice            4%         1d3       22%         1

Your spell library contained the following spells:

 Spells                   Type           Power      Damage    Failure   Level
 Magic Dart               Conj           100%       1d8       1%          1
 Passwall                 Tmut/Erth      45%        N/A       1%          2
 Lee's Rapid Deconstruct  Erth           40%        3d20*     1%          5
 Petrify                  Tmut/Erth      54%        N/A       4%          4
 Apportation              Tloc           2%         N/A       22%         1
 Necrotise                Necr           4%         1d4       22%         1
 Summon Small Mammal      Summ           4%         N/A       22%         1
 Fulminant Prism          Conj/Hex       8%         3d7       41%         4
 Iskenderun's Mystic Bla  Conj/Tloc      17%        2d5       41%         4
 Volatile Blastmotes      Fire/Tloc      2%         2d10      56%         3


Dungeon Overview and Level Annotations

Branches:
Dungeon (11/15)            Temple (1/1) D:7            Lair (0/5) D:8
    Orc: D:9-12

Altars:
Ashenzari
Cheibriados
Dithmenos
Elyvilon
Fedhas
Gozag
Hepliaklqana
Kikubaaqudgha
Makhleb
Nemelex Xobeh
Okawaru
Qazlal
Ru
Sif Muna
Trog
Uskayaw
Vehumet
Wu Jian
Xom
Yredelemnul
Zin
The Shining One

Shops:
D:11 *

Annotations:
D:6 3 runed translucent doors, Spearmint's ghost, amateur MfSu; bahustanut's ghost, novice OgGl


Innate Abilities, Weirdness & Mutations

You are immune to sickness and miasma.
Your stone body is resilient. (AC +8)
You are immune to poison.
You resist negative energy. (rN+)
You are resistant to electric shocks. (rElec)
You are resistant to unholy torment.
You are immune to petrification.


Message History

Aim: a wraith (85% to hit)
You feel a surge of power!
The blast of sand hits the wraith.
The wraith is lightly damaged.
You block something's attack. Something hits you but does no damage.
The wraith hits you! The wraith drains your vigour!
You feel yourself slow down. The wraith hits you but does no damage.
Aiming: Sandblast (safe; 0% risk of failure)
Press: ? - help, Q - select action, (/) - cycle Shift-Dir - straight line, f/p - wraith
Aim: a wraith (lightly damaged, 85% to hit)
You feel a surge of power!
The blast of sand hits the wraith but does no damage.
The wraith is lightly damaged.
Something hits you but does no damage. The wraith hits you but does no damage.
The wraith closely misses you.
You barely miss something.
Something hits you but does no damage. x2
The wraith misses you. The wraith hits you but does no damage.
Aiming: Sandblast (safe; 0% risk of failure)
Press: ? - help, Q - select action, (/) - cycle Shift-Dir - straight line, f/p - wraith
Aim: a wraith (lightly damaged, 85% to hit)
You feel a surge of power!
The blast of sand hits the wraith.
The wraith is lightly damaged.
Something hits you! Something hits you. You block the wraith's attack.
Something hits you! The wraith hits you.
Aiming: Sandblast (safe; 0% risk of failure)
Press: ? - help, Q - select action, (/) - cycle Shift-Dir - straight line, f/p - wraith
Aim: a wraith (lightly damaged, 85% to hit)
You feel a surge of power!
The blast of sand hits the wraith but does no damage.
The wraith is lightly damaged.
Something hits you.
* * * LOW HITPOINT WARNING * * *
Something hits you!
* * * LOW HITPOINT WARNING * * *
You block the wraith's attack. Something hits you.
* * * LOW HITPOINT WARNING * * *
The wraith barely misses you.
Okay, then.
As you read the scroll of teleportation, it crumbles to dust.
You feel strangely unstable. Something hits you!
You die...

.....# #......... .....#
#......... .....#
#......... .....#
#......... .....#
#......... .....# #..#
#......... .....# #..#
#..#####.. .....# #..#
#W.# .....# #..# #.@#
.....# #..# #..# .....#
#..# #..# .....# #..#
#..#####.
.....#####..###.........
.......................#
.......................#
##..#####...###........#
#..# #...# #........#


You could see a wraith.

Vanquished Creatures
  Harold (D:10)
  Erica (D:8)
  Pikel (D:9)
  An ugly thing (D:6)
  A cyclops (D:6)
  Maurice (D:9)
  A troll (D:9)
  2 hornets (D:9)
  7 yaks
  Grum (D:8)
  A steam dragon (D:6)
  2 water moccasins
  Duvessa (D:7)
  4 black bears
  A sky beast (D:6)
  3 ogres
  4 wolves (D:8)
  2 centaurs
  2 kobold brigands
  3 lemures (D:9)
  6 bullfrogs
  2 gnoll sergeants
  2 scorpions (D:6)
  Dowan (D:7)
  3 wights (D:7)
  11 killer bees
  2 howler monkeys
  2 hounds (D:6)
  7 orc priests
  A jelly (D:6)
  2 sleepcaps
  Jessica (D:3)
  2 gnoll boudas
  3 iguanas
  7 orc wizards
  A mummy (D:8)
  15 gnolls
  12 adders
  A shadow imp (D:8)
  A white imp (D:6)
  An ufetubus (D:5)
  A dart slug (D:5)
  3 worms
  19 orcs
  4 bats
  6 endoplasms
  2 giant cockroaches
  9 goblins
  9 hobgoblins
  3 jackals
  4 quokkas
  6 ball pythons
  5 frilled lizards
  16 kobolds
  2 kobold zombies (D:8)
  2 orc zombies (D:8)
  4 rats
218 creatures vanquished.

Notes
Turn   | Place    | Note
-------+----------+-------------------------------------------
     0 | D:1      | Gorgoleon the Gargoyle Earth Elementalist began the quest
                  | for the Orb.
     0 | D:1      | Reached XP level 1. HP: 10/10 MP: 3/3
    96 | D:1      | Reached skill level 4 in Earth Magic
   173 | D:1      | Reached XP level 2. HP: 15/15 MP: 3/5
   728 | D:1      | Found a faded altar of an unknown god.
  1196 | D:2      | Reached skill level 5 in Earth Magic
  1196 | D:2      | Reached XP level 3. HP: 19/19 MP: 2/6
  2189 | D:3      | Reached XP level 4. HP: 24/24 MP: 5/7
  2193 | D:3      | Learned a level 3 spell: Stone Arrow
  2196 | D:3      | Learned a level 2 spell: Searing Ray
  2325 | D:3      | Reached skill level 6 in Earth Magic
  2699 | D:3      | Noticed Jessica
  2701 | D:3      | Killed Jessica
  2756 | D:3      | Reached XP level 5. HP: 28/28 MP: 6/8
  2786 | D:3      | Reached skill level 1 in Conjurations
  3101 | D:4      | Found a sacrificial altar of Ru.
  3320 | D:4      | Noticed a black bear
  3338 | D:4      | Killed a black bear
  3339 | D:4      | Reached skill level 7 in Earth Magic
  3339 | D:4      | Reached XP level 6. HP: 32/32 MP: 7/9
  3531 | D:4      | Reached skill level 8 in Earth Magic
  4069 | D:5      | Entered Level 5 of the Dungeon
  4079 | D:4      | Reached XP level 7. HP: 12/36 MP: 4/10
  4308 | D:5      | Reached skill level 9 in Earth Magic
  4968 | D:6      | Reached skill level 10 in Earth Magic
  4968 | D:6      | Reached XP level 8. HP: 41/41 MP: 6/11
  5122 | D:6      | Found a runed translucent gate.
  5122 | D:6      | Found a runed translucent gate.
  5122 | D:6      | Found a runed translucent gate.
  5122 | D:6      | Noticed Spearmint's ghost (amateur MfSu)
  5123 | D:6      | Noticed bahustanut's ghost (novice OgGl)
  5138 | D:6      | Reached skill level 11 in Earth Magic
  5169 | D:6      | Noticed a yak
  5172 | D:6      | Killed a yak
  5291 | D:6      | Reached skill level 12 in Earth Magic
  5466 | D:6      | Reached XP level 9. HP: 45/45 MP: 10/12
  5707 | D:6      | Reached skill level 5 in Conjurations
  5913 | D:6      | Noticed a cyclops
  5918 | D:6      | Killed a cyclops
  5919 | D:6      | Reached skill level 13 in Earth Magic
  6053 | D:6      | Noticed a green ugly thing
  6059 | D:6      | Killed a green ugly thing
  6060 | D:6      | Reached skill level 14 in Earth Magic
  6259 | D:7      | Found an opulent altar of Gozag.
  6260 | D:7      | Found a hide-covered altar of Uskayaw.
  6272 | D:7      | Found a staircase to the Ecumenical Temple.
  6287 | D:7      | HP: 1/45 [gnoll sergeant/+0 spear (8)]
  6443 | D:7      | Noticed Dowan
  6444 | D:7      | Noticed Duvessa
  6451 | D:7      | Killed Dowan
  6454 | D:7      | Killed Duvessa
  6702 | Temple   | Entered the Ecumenical Temple
  7341 | D:7      | Reached skill level 15 in Earth Magic
  7341 | D:7      | Reached XP level 10. HP: 39/50 MP: 8/13
  7909 | D:8      | Noticed Grum
  7962 | D:8      | Killed Grum
  8138 | D:8      | Found a staircase to the Lair.
  8387 | D:8      | Noticed Erica
  8396 | D:8      | Killed Erica
  8397 | D:8      | Reached skill level 16 in Earth Magic
  8641 | D:8      | Found a radiant altar of Vehumet.
  8648 | D:8      | Became a worshipper of Vehumet
  8663 | D:8      | Found an ancient bone altar of Kikubaaqudgha.
  8674 | D:8      | Found a shimmering blue altar of Sif Muna.
  8992 | D:9      | Noticed Maurice
  8998 | D:9      | Killed Maurice
  8999 | D:9      | Reached skill level 1 in Shields
  9298 | D:9      | Noticed Pikel
  9307 | D:9      | Killed Pikel
  9308 | D:9      | Reached skill level 17 in Earth Magic
  9329 | D:9      | Found a stormy altar of Qazlal.
  9334 | D:9      | Found an iron altar of Okawaru.
  9340 | D:9      | Found a basalt altar of Yredelemnul.
  9348 | D:9      | Found a broken altar of Ashenzari.
  9355 | D:9      | Found a glowing golden altar of the Shining One.
  9360 | D:9      | Found a snail-covered altar of Cheibriados.
  9371 | D:9      | Found a hazy altar of Hepliaklqana.
  9592 | D:9      | Reached XP level 11. HP: 54/54 MP: 14/14
  9689 | D:9      | Reached * piety under Vehumet
  9689 | D:9      | Offered knowledge of Freeze by Vehumet.
  9692 | D:9      | Learned a level 1 spell: Freeze
  9956 | D:10     | Entered Level 10 of the Dungeon
 10623 | D:10     | Found a burning altar of Makhleb.
 10965 | D:10     | Noticed Harold
 10975 | D:10     | Killed Harold
 11339 | D:11     | Found Ovar's General Store.
 11359 | D:11     | Reached skill level 18 in Earth Magic
 11478 | D:11     | Slain by an unseen horror

Illustrated notes

Levels and vault maps discovered:
D:1:      scummos_arrival_star, layout_basic, shapermc_ecumenical_altar_gd,
          chequers_garden
D:2:      layout_loops_ring, serial_forest, infiniplex_forest_straight_2,
          infiniplex_forest_lined_room_, infiniplex_forest_straight_4,
          infiniplex_forest_straight_2, infiniplex_forest_lined_2,
          infiniplex_forest_lined_corner, infiniplex_forest_corner_2,
          infiniplex_forest_clump_medium, infiniplex_forest_straight_2,
          infiniplex_forest_lined_4_way
D:3:      layout_loops_cross, uniq_jessica
D:4:      layout_cave_pools, nicolae_ru_awakened_eye, serial_column_ruins,
          column_ruins_square_small, column_ruins_hut_ruined,
          column_ruins_grid_3, column_ruins_columns_corner, column_ruins_grid_3,
          column_ruins_open_medium, column_ruins_corridor_corner,
          column_ruins_grid_3, grunt_decor_resistance
D:5:      layout_basic, hangedman_decor_slide_cut
D:6:      kennysheep_six_static_rooms, layout_rooms, gammafunk_ghost_cemetery,
          kb_rosetta
D:7:      layout_basic, gammafunk_temple_overflow_pools,
          minmay_temple_entry_sparse_star, uniq_duvessa
D:8:      layout_basic, palyth_temple_overflow_mages, lair_entry_dummy,
          minmay_mini_ossuary, uniq_grum, uniq_erica
D:9:      layout_irregular_city, grunt_temple_overflow_octagram, uniq_maurice,
          uniq_pikel
D:10:     layout_grid_maze, lightli_temple_of_fire, uniq_harold
D:11:     layout_small_grid, orc_0_dummy, serial_shops, shop,
          portal_ice_cave_demonic_guard, nicolae_trove_entry_isolated
Temple:   nicolae_temple_colour_theory

Skill      XL: |  1  2  3  4  5  6  7  8  9 10 11 |
---------------+----------------------------------+-----
Earth Magic    | 4 5 6 7 8 10 12 15 17 18 | 18.0
Conjurations   | 1 2 3 4 6 7 8 |  8.0
Shields        | 2 3 |  3.5
Dodging        | 2 |  2.0
Stealth        | |  2.1
Spellcasting   | |  2.0
Transmutations | |  0.7

Action                     |  1- 3 |  4- 6 |  7- 9 | 10-12 || total
---------------------------+-------+-------+-------+-------++-------
  Melee: Dagger            |     6 |       |       |       ||     6
         Club              |     8 |    25 |       |       ||    33
         Punch             |       |     1 |       |       ||     1
         Hand axe          |       |     4 |       |       ||     4
         Staff             |       |       |       |     1 ||     1
  Throw: Stone             |       |     3 |     1 |     9 ||    13
   Cast: Sandblast         |    45 |    57 |   109 |   164 ||   375
  Evoke: Wand              |       |     2 |     1 |     6 ||     9
    Use: Potion            |       |     1 |     2 |     1 ||     4
         Scroll            |       |    16 |     8 |     6 ||    30
 Armour: Robe              |     7 |    41 |    45 |    56 ||   149
  Dodge: Dodged            |    20 |    57 |    35 |    64 ||   176
  Block: Buckler           |       |       |       |    23 ||    23
